 Dungeon Crawl Stone Soup version 0.19-a0-526-gbe2e51c (webtiles) character file.

1525 nubinia the Destroyer (level 8, -3/44 HPs)
             Began as a Tengu Conjurer on June 7, 2016.
             Killed from afar by a steam dragon (15 damage)
             ... with a ball of steam
             ... on level 7 of the Dungeon.
             The game lasted 00:38:45 (7875 turns).

nubinia the Destroyer (Tengu Conjurer)              Turns: 7875, Time: 00:38:46

Health: -3/44      AC:  3    Str:  9    XL:     8   Next: 84%
Magic:  9/16       EV: 15    Int: 18    God:
Gold:   234        SH:  0    Dex: 14    Spells: 4 memorised, 4 levels left

rFire  . . .     SeeInvis .     s - +1 trident (freeze)
rCold  . . .     Gourm    .     a - +1 robe
rNeg   . . .     Faith    .     (no shield)
rPois  .         Spirit   .     (helmet restricted)
rElec  .         Dismiss  .     (no cloak)
rCorr  .         Reflect  .     (no gloves)
SustAt .         Harm     .     (boots unavailable)
MR     +....                    (no amulet)
Stlth  +++.......               D - ring of protection from magic
                                v - ring of wizardry

@: somewhat resistant to hostile enchantments, fairly stealthy
A: beak, talons 3, able to fly 1
a: Fly


You were on level 7 of the Dungeon.
You were not hungry.

You visited 1 branch of the dungeon, and saw 7 of its levels.
You also visited: Ossuary.

You collected 234 gold pieces.

Inventory:

Hand Weapons
 e - a +1 dagger
 s - a +1 trident of freezing (weapon)
Armour
 a - a +1 robe (worn)
Jewellery
 v - a ring of wizardry (left hand)
 D - a ring of protection from magic (right hand)
Wands
 f - a wand of disintegration (16/24)
 x - a wand of polymorph (16/24)
Scrolls
 d - 2 scrolls of fear
 g - a scroll of magic mapping
 k - a scroll of amnesia
 l - 2 scrolls of teleportation
 p - 2 scrolls of enchant armour
 q - 2 scrolls of remove curse
 y - 2 scrolls of enchant weapon
Potions
 h - 2 potions of cancellation
 i - a potion of berserk rage
 m - 2 potions of ambrosia
 n - 3 potions of curing
 o - 2 potions of haste
 r - a potion of agility
 t - 2 potions of brilliance
Books
 b - a book of Conjurations

   Spells                             Type                      Level
   a - Magic Dart                     Conjuration                  1
   b - Searing Ray                    Conjuration                  2
   c - Dazzling Spray                 Conjuration/Hexes            3
   d - Fulminant Prism                Conjuration/Hexes            4
   e - Iskenderun's Mystic Blast      Conjuration                  4
   f - Iskenderun's Battlesphere      Conjuration/Charms           5
 w - a book of Misfortune

   Spells                             Type                      Level
   a - Confusing Touch                Hexes                        2
   b - Confuse                        Hexes                        3
   c - Gell's Gravitas                Hexes/Translocation          3
   d - Petrify                        Transmutation/Earth          4
   e - Metabolic Englaciation         Hexes/Ice                    5
   f - Yara's Violent Unravelling     Hexes/Transmutation          5
Comestibles
 c - 6 bread rations
 j - a meat ration


   Skills:
 + Level 2.2 Fighting
 + Level 2.5 Polearms
 + Level 5.2 Dodging
 + Level 3.9 Stealth
 + Level 4.8 Spellcasting
 * Level 10.4 Conjurations


You had 4 spell levels left.
You knew the following spells:

 Your Spells              Type           Power        Failure   Level  Hunger
a - Magic Dart            Conj           ####         1%          1    None
b - Dazzling Spray        Conj/Hex       ###...       2%          3    ###....
c - Fulminant Prism       Conj/Hex       ###.......   9%          4    ####...
d - Iskenderun's Mystic   Conj           #####...     1%          4    ####...


Dungeon Overview and Level Annotations

Branches:
Dungeon (7/15)             Temple (0/1) D:6

Altars:
Dithmenos
Okawaru
Qazlal
Uskayaw
The Shining One

Shops:
D:4 %

Annotations:
D:5 ololoev's ghost, novice DEFE


Innate Abilities, Weirdness & Mutations

You have a beak for a mouth.
You have claws for feet.
You can fly.


Message History

The gnoll barely misses you. The steam dragon bites you.
* * * LOW HITPOINT WARNING * * *
The steam dragon claws you.
* * * LOW HITPOINT WARNING * * *
Unknown command.
Unknown command.
Unknown command.
Casting: Dazzling Spray
Confirm with . or Enter, or press ? or * to list all spells.
Aiming: Dazzling Spray
Press: ? - help, Shift-Dir - straight line, f/p - steam dragon
Aim: a steam dragon (severely wounded)
The spray of energy hits the steam dragon.
The steam dragon is almost dead.
The steam dragon is dazzled.
The gnoll misses you.
You see here a whip.
The steam dragon is no longer blind.
The steam dragon breathes steam at you. The ball of steam hits you!
You die...

########### #.s.gD§@..#
#.#######.# #.# #.#
...#####s#######.##########
.........................>#####
...#####.#######.########.#....
..gD......# #.# #.#.##.
..........# #.########.#.<#.
............ #..........####.


You could see a steam dragon, a gnoll and a giant cockroach.

Vanquished Creatures
  The ghost of Kidiri the Magician, an amateur DEFE (Ossuary)
  A hungry ghost (D:7)
  An ice beast (D:5)
  A centaur (D:5)
  A giant frog (D:6)
  6 scorpions
  A howler monkey (D:4)
  2 centaur zombies (Ossuary)
  2 human zombies (Ossuary)
  2 hounds
  An orc priest (D:3)
  A giant frog skeleton (D:5)
  An orc wizard (D:3)
  Jessica (D:3)
  Natasha (D:2)
  3 worker ants
  3 mummies (Ossuary)
  3 adders
  6 gnolls
  2 scorpion zombies (Ossuary)
  A shadow imp (D:3)
  3 oozes
  An adder zombie (D:6)
  An adder skeleton (D:6)
  2 worms
  5 giant geckos
  16 orcs
  4 bats
  3 giant cockroaches
  A gnoll zombie (Ossuary)
  9 goblins
  10 hobgoblins
  7 jackals
  2 quokkas
  2 ball pythons
  4 giant newts
  A goblin zombie (Ossuary)
  3 hobgoblin zombies (Ossuary)
  6 kobolds
  A kobold zombie (Ossuary)
  An orc zombie (Ossuary)
  9 rats
132 creatures vanquished.

Vanquished Creatures (others)
  A wight (D:6)
  2 hounds (D:6)
  An adder (D:6)
  An orc (D:6)
  A gnoll zombie (Ossuary)
6 creatures vanquished.

Grand Total: 138 creatures vanquished

Notes
Turn   | Place    | Note
--------------------------------------------------------------
     0 | D:1      | nubinia the Tengu Conjurer began the quest for the Orb.
     0 | D:1      | Reached XP level 1. HP: 10/10 MP: 4/4
   330 | D:1      | Reached XP level 2. HP: 15/15 MP: 1/6
   662 | D:1      | Reached skill level 6 in Conjurations
   905 | D:1      | Reached XP level 3. HP: 6/19 MP: 4/7
  1163 | D:1      | Learned a level 3 spell: Dazzling Spray
  1447 | D:2      | Found a shadowy altar of Dithmenos.
  1447 | D:2      | Found a stormy altar of Qazlal.
  1576 | D:2      | Found a hide-covered altar of Uskayaw.
  1607 | D:2      | Noticed a dagger
  1607 | D:2      | Noticed a dagger
  1673 | D:2      | Noticed Natasha
  1687 | D:2      | Killed Natasha
  1687 | D:2      | Reached XP level 4. HP: 18/24 MP: 4/8
  2252 | D:3      | Reached skill level 7 in Conjurations
  2252 | D:3      | Gained mutation: You can fly. [Tengu growth]
  2252 | D:3      | Reached XP level 5. HP: 12/28 MP: 3/9
  2673 | D:3      | Learned a level 4 spell: Fulminant Prism
  3115 | D:3      | Reached XP level 6. HP: 25/32 MP: 3/11
  3614 | D:3      | Reached skill level 8 in Conjurations
  3905 | D:3      | Noticed Jessica
  3935 | D:3      | Killed Jessica
  4723 | D:4      | Found Leimn's Food Boutique.
  4860 | D:4      | Learned a level 4 spell: Iskenderun's Mystic Blast
  5140 | D:4      | Reached XP level 7. HP: 37/37 MP: 9/13
  5303 | D:5      | Entered Level 5 of the Dungeon
  5447 | D:5      | Noticed ololoev's ghost (novice DEFE)
  5783 | D:5      | Found a glowing golden altar of the Shining One.
  6038 | D:5      | Reached skill level 9 in Conjurations
  6248 | D:6      | Reached skill level 1 in Fighting
  6396 | D:6      | Found an iron altar of Okawaru.
  6407 | D:6      | Found a sand-covered staircase.
  6416 | Ossuary  | Entered an ossuary
  6586 | Ossuary  | Noticed Kidiri's ghost (amateur DEFE)
  6596 | Ossuary  | Killed Kidiri's ghost
  6596 | Ossuary  | Reached skill level 1 in Polearms
  6596 | Ossuary  | Reached XP level 8. HP: 36/43 MP: 1/15
  7379 | Ossuary  | Reached skill level 10 in Conjurations
  7562 | Ossuary  | Gained mutation: Your magical capacity is low. (-10% MP) [potion of mutation]
  7562 | Ossuary  | Gained mutation: Your magical capacity is very low. (-20% MP) [potion of mutation]
  7562 | Ossuary  | Gained mutation: Armour fits poorly on your strangely shaped body. [potion of mutation]
  7563 | Ossuary  | Lost mutation: Armour fits poorly on your strangely shaped body. [potion of cure mutation]
  7563 | Ossuary  | Lost mutation: Your magical capacity is very low. (-20% MP) [potion of cure mutation]
  7563 | Ossuary  | Lost mutation: Your magical capacity is low. (-10% MP) [potion of cure mutation]
  7664 | D:7      | Reached skill level 5 in Dodging
  7875 | D:7      | Killed from afar by a steam dragon

Vault maps used:
D:1:      saegor_arrival_under_anarchy
D:2:      dancing_weapons_uskayaw, gammafunk_temple_overflow_wave,
          kennysheep_generic_room_6, uniq_natasha
D:3:      first_bread, uniq_jessica
D:4:      serial_shops, shop
D:5:      basic_altar, lexackson_kobold_supper
D:6:      xom_confusion_cloud, lemuel_coloured_pillars_altar,
          okawaru_ov_weapons_minmay, lemuel_temple_firewalk_marked,
          nicolae_ossuary_entry_monument, st_stairs_10
D:7:      kennysheep_mini_moat, grunt_ogre_cave, minivault_19, ashenzari_altar_1
Ossuary:  ossuary_minmay_scorpions

Skill      XL: |  1  2  3  4  5  6  7  8 |
---------------+-------------------------+-----
Conjurations   | 6 7 8 9 10 | 10.4
Dodging        | 3 4 5 |  5.2
Spellcasting   | 3 4 |  4.8
Fighting       | 1 2 |  2.2
Stealth        | 3 |  3.9
Polearms       | 1 2 |  2.5

Action                   |  1- 3 |  4- 6 |  7- 9 || total
-------------------------+-------+-------+-------++-------
Melee: Dagger            |    23 |    50 |       ||    73
       Peck              |     4 |     9 |    16 ||    29
       Kick              |     3 |     5 |    33 ||    41
       Trident           |       |    19 |   119 ||   138
 Cast: Magic Dart        |    57 |   127 |   107 ||   291
       Dazzling Spray    |       |     4 |     8 ||    12
       Iskenderun's Myst |       |       |     7 ||     7
 Abil: Fly               |       |    18 |     7 ||    25
  Use: Scroll            |    12 |     5 |     5 ||    22
       Potion            |       |       |     8 ||     8
 Stab: Sleeping          |     1 |       |     3 ||     4
       Invisible         |       |       |     2 ||     2
       Distracted        |       |       |     1 ||     1
  Eat: Chunk             |     3 |    14 |     5 ||    22
       Beef jerky        |       |       |     1 ||     1
       Meat ration       |       |       |     1 ||     1
       Royal jelly       |       |       |     1 ||     1
Armor: Robe              |     8 |     6 |    18 ||    32
Dodge: Dodged            |    13 |    45 |   137 ||   195
